cohdb
Replays
Latest Replays
All Replays
Popular Replays
Top Player Replays
Match Explorer
How It Works
Community
CoH3 Stats
Reddit
Sign in to upload your games and track your stats! →
Sign in with Steam
Match 42080781
Unlisted
Match 42080781
Overview
Messages
Build Orders
End
Kradschützen Motorcycle Team
Panzergrenadier Squad
Panzergrenadier Squad
Panzergrenadier Squad
Construct Light Support Kompanie
MG34 Team
Assault Mechanized Group
Panzerjäger Squad
Construct Mechanized Kompanie
8 Rad Armored Car
8 Rad Armored Car
Selects Armored Support Battlegroup
Selects Veteran Gunners
Selects Salvage Kits
Marder III Tank Destroyer
Panzerpioneer Squad
Support Armor Elements
Selects Flammpanzer III Medium Tank
18-tonne Recovery Half-track
Selects Command Panzer IV F Medium Tank
Flammpanzer III Medium Tank
Vehicle Survival Package
(502) Bad Gateway
Rampa
0
0
Comments
sign in to comment!
No comments posted yet!